MLB
BOSTON RED SOX @ PHILADELPHIA PHILLIES
07/13/2044
 
TOP OF THE 1ST
Boston Red Sox batting - Pitching for Philadelphia Phillies : LHP Marko Emchenko
Pitching: LHP Marko Emchenko
Batting: SHB Robbie Rogers 0-0: Ground out 5-3 (Groundball, 56, EV 110.6 MPH)
Batting: RHB Manny Vergara 0-0: Foul Ball, location: 2F
0-1: Foul Ball, location: 2F
0-2: Foul Ball, location: 2F
0-2: Ball
1-2: Foul Ball, location: 2F
1-2: Strikes out swinging
Batting: SHB Mark Rennie 0-0: Ball
1-0: Called Strike
1-1: Swinging Strike
1-2: Fly out, F8 (Line Drive, 8LD, EV 94.4 MPH)
Top of the 1st over - 0 runs, 0 hits, 0 errors, 0 left on base; Boston 0 - Philadelphia 0
BOTTOM OF THE 1ST
Philadelphia Phillies batting - Pitching for Boston Red Sox : RHP Justin Stinson
Pitching: RHP Justin Stinson
Batting: RHB Ji-an Li 0-0: Called Strike
0-1: Foul Ball, location: 2F
0-2: Strikes out looking
Batting: LHB Nick Canizales 0-0: Ball
1-0: Foul Ball, location: 2F
1-1: Foul Ball, location: 2F
1-2: Ball
2-2: Fly out, F8 (Flyball, 89XD, EV 98.1 MPH)
Batting: LHB Eric Katz 0-0: SINGLE (Line Drive, 7S, EV 99.4 MPH)
Batting: LHB Alberto Figueroa 0-0: Ball
1-0: Called Strike
1-1: Ball
2-1: Foul Ball, location: 2F
2-2: Ground out 4-3 (Groundball, 4MS, EV 89.4 MPH)
Bottom of the 1st over - 0 runs, 1 hit, 0 errors, 1 left on base; Boston 0 - Philadelphia 0
TOP OF THE 2ND
Boston Red Sox batting - Pitching for Philadelphia Phillies : LHP Marko Emchenko
Batting: RHB Chris Lane 0-0: Ball
1-0: Fly out, F7 (Flyball, 7S, EV 83.1 MPH)
Batting: SHB Rich Chavez 0-0: Ground out 3-1 (Groundball, 34S, EV 89.4 MPH)
Batting: LHB Kevin McCormic Jr. 0-0: Ball
1-0: Ball
2-0: Called Strike
2-1: Ball
3-1: Foul Ball, location: 2F
3-2: Foul Ball, location: 2F
3-2: Fly out, F8 (Line Drive, 8RD, EV 86.3 MPH)
Top of the 2nd over - 0 runs, 0 hits, 0 errors, 0 left on base; Boston 0 - Philadelphia 0
BOTTOM OF THE 2ND
Philadelphia Phillies batting - Pitching for Boston Red Sox : RHP Justin Stinson
Batting: RHB Raul de la Cruz 0-0: Ball
1-0: Swinging Strike
1-1: Called Strike
1-2: Ball
2-2: Strikes out swinging
Batting: LHB Jeff Luvisi 0-0: Ball
1-0: Ball
2-0: Called Strike
2-1: Called Strike
2-2: Ground out 6-3 (Groundball, 6, EV 101.9 MPH)
Batting: RHB Chef Belew 0-0: Ball
1-0: Ball
2-0: Foul Ball, location: 2F
2-1: Ground out U3 (Groundball, 3S, EV 83.8 MPH)
Bottom of the 2nd over - 0 runs, 0 hits, 0 errors, 0 left on base; Boston 0 - Philadelphia 0
TOP OF THE 3RD
Boston Red Sox batting - Pitching for Philadelphia Phillies : LHP Marko Emchenko
Batting: RHB Nick Esteves 0-0: Called Strike
0-1: Ball
1-1: SINGLE (Line Drive, 6D, EV 103.1 MPH)
Batting: RHB Bill Turnbull 0-0: Foul Ball, location: 2F
0-1: Grounds into double play, 5-4-3 (Groundball, 56S, EV 93.8 MPH)
Batting: RHB Brandon Perris 0-0: Ball
1-0: Foul Ball, location: 2F
1-1: Called Strike
1-2: Ball
2-2: Ball
3-2: Strikes out swinging
Top of the 3rd over - 0 runs, 1 hit, 0 errors, 0 left on base; Boston 0 - Philadelphia 0
BOTTOM OF THE 3RD
Philadelphia Phillies batting - Pitching for Boston Red Sox : RHP Justin Stinson
Batting: SHB Patrick Kimmel 0-0: Ball
1-0: Called Strike
1-1: Swinging Strike
1-2: Strikes out swinging
Batting: RHB Luis Arce 0-0: Called Strike
0-1: Fly out, F6 (Flyball, 6D, EV 90.0 MPH)
Batting: RHB Ji-an Li 0-0: Foul Ball, location: 2F
0-1: Ball
1-1: Ball
2-1: Foul Ball, location: 2F
2-2: Ball
3-2: SINGLE (Line Drive, 78S, EV 96.3 MPH)
Batting: LHB Nick Canizales 0-0: Called Strike
0-1: Called Strike
Ji-an Li steals 2nd base
0-2: Ball
1-2: Ball
2-2: Foul Ball, location: 2F
2-2: Strikes out swinging
Bottom of the 3rd over - 0 runs, 1 hit, 0 errors, 1 left on base; Boston 0 - Philadelphia 0
TOP OF THE 4TH
Boston Red Sox batting - Pitching for Philadelphia Phillies : LHP Marko Emchenko
Batting: SHB Robbie Rogers 0-0: Foul Ball, location: 2F
0-1: Ball
1-1: Called Strike
1-2: Ball
2-2: Strikes out looking
Batting: RHB Manny Vergara 0-0: Ball
1-0: Called Strike
1-1: Swinging Strike
1-2: Ball
2-2: Strikes out swinging
Batting: SHB Mark Rennie 0-0: Foul Ball, location: 2F
0-1: Foul Ball, location: 2F
0-2: SOLO HOME RUN (Flyball, 9D, EV 104.4 MPH), Distance : 389 ft
Batting: RHB Chris Lane 0-0: Swinging Strike
0-1: Ball
1-1: Called Strike
1-2: Strikes out swinging
Top of the 4th over - 1 run, 1 hit, 0 errors, 0 left on base; Boston 1 - Philadelphia 0
BOTTOM OF THE 4TH
Philadelphia Phillies batting - Pitching for Boston Red Sox : RHP Justin Stinson
Batting: LHB Eric Katz 0-0: Called Strike
0-1: Ball
1-1: Foul Ball, location: 2F
1-2: Ball
2-2: Ground out 4-3 (Groundball, 4, EV 82.5 MPH)
Batting: LHB Alberto Figueroa 0-0: Ball
1-0: Ball
2-0: Ball
3-0: Called Strike
3-1: Base on Balls
Batting: RHB Raul de la Cruz 0-0: Foul Ball, location: 2F
0-1: Swinging Strike
0-2: Fly out, F9 (Line Drive, 9, EV 89.4 MPH)
Batting: LHB Jeff Luvisi 0-0: Ball
1-0: Ball
Alberto Figueroa steals 2nd base
2-0: Ball
3-0: Base on Balls
Batting: RHB Chef Belew 0-0: Called Strike
0-1: Foul Ball, location: 2F
0-2: Fly out, F3 (Popup, 3F, EV 66.9 MPH)
Bottom of the 4th over - 0 runs, 0 hits, 0 errors, 2 left on base; Boston 1 - Philadelphia 0
TOP OF THE 5TH
Boston Red Sox batting - Pitching for Philadelphia Phillies : LHP Marko Emchenko
Batting: SHB Rich Chavez 0-0: Called Strike
0-1: Swinging Strike
0-2: Foul Ball, location: 2F
0-2: Ball
1-2: Strikes out swinging
Batting: LHB Kevin McCormic Jr. 0-0: Ball
1-0: Fly out, F7 (Line Drive, 7, EV 93.1 MPH)
Batting: RHB Nick Esteves 0-0: Ball
1-0: Swinging Strike
1-1: Swinging Strike
1-2: Ball
2-2: Foul Ball, location: 2F
2-2: DOUBLE (Line Drive, 9LM, EV 112.5 MPH)
Batting: RHB Bill Turnbull 0-0: Foul Ball, location: 2F
0-1: Ball
1-1: Ball
2-1: Ball
3-1: Ground out 6-3 (Groundball, 56, EV 87.5 MPH)
Top of the 5th over - 0 runs, 1 hit, 0 errors, 1 left on base; Boston 1 - Philadelphia 0
BOTTOM OF THE 5TH
Philadelphia Phillies batting - Pitching for Boston Red Sox : RHP Justin Stinson
Batting: SHB Patrick Kimmel 0-0: Ball
1-0: Ball
2-0: Fly out, F7 (Flyball, 78S, EV 88.8 MPH)
Batting: RHB Luis Arce 0-0: Ball
1-0: Ball
2-0: Swinging Strike
2-1: Ground out 4-3 (Groundball, 4M, EV 108.8 MPH)
Batting: RHB Ji-an Li 0-0: Ball
1-0: Swinging Strike
1-1: Foul Ball, location: 2F
1-2: Ball
2-2: Ground out U3 (Groundball, 34, EV 85.6 MPH)
Bottom of the 5th over - 0 runs, 0 hits, 0 errors, 0 left on base; Boston 1 - Philadelphia 0
TOP OF THE 6TH
Boston Red Sox batting - Pitching for Philadelphia Phillies : LHP Marko Emchenko
Batting: RHB Brandon Perris 0-0: Called Strike
0-1: Ball
1-1: Ball
2-1: Ball
3-1: Foul Ball, location: 2F
3-2: Fly out, F8 (Flyball, 8RM, EV 86.9 MPH)
Batting: SHB Robbie Rogers 0-0: Foul Ball, location: 2F
0-1: Ball
1-1: Foul Ball, location: 2F
1-2: SINGLE (Groundball, 4M, EV 106.3 MPH) (infield hit)
Batting: RHB Manny Vergara 0-0: Ball
1-0: Ball
2-0: Foul Ball, location: 2F
2-1: Ball
3-1: SINGLE (Groundball, 4MD, EV 110.0 MPH)
Robbie Rogers to second
Runner from 2nd tries for 3rd, SAFE, throw by CF made to third
Manny Vergara to second
Batting: SHB Mark Rennie 0-0: Ground out 6-3 (Groundball, 6S, EV 68.8 MPH)
Batting: RHB Chris Lane 0-0: Swinging Strike
0-1: Ball
1-1: Ball
2-1: Foul Ball, location: 2F
2-2: Ball
3-2: Ground out 6-3 (Groundball, 6, EV 85.0 MPH)
Top of the 6th over - 0 runs, 2 hits, 0 errors, 2 left on base; Boston 1 - Philadelphia 0
BOTTOM OF THE 6TH
Philadelphia Phillies batting - Pitching for Boston Red Sox : RHP Justin Stinson
Batting: LHB Nick Canizales 0-0: Ball
1-0: Ground out 4-3 (Groundball, 4, EV 93.1 MPH)
Batting: LHB Eric Katz 0-0: Swinging Strike
0-1: Called Strike
0-2: Strikes out swinging
Batting: LHB Alberto Figueroa 0-0: Ball
1-0: Ground out 5-3 (Groundball, 5, EV 80.0 MPH)
Bottom of the 6th over - 0 runs, 0 hits, 0 errors, 0 left on base; Boston 1 - Philadelphia 0
TOP OF THE 7TH
Boston Red Sox batting - Pitching for Philadelphia Phillies : LHP Marko Emchenko
Batting: SHB Rich Chavez 0-0: SINGLE (Line Drive, 8RS, EV 90.0 MPH)
Batting: LHB Kevin McCormic Jr. 0-0: Called Strike
0-1: Sac Bunt to 13 - play at first, batter OUT! 1-4
Rich Chavez to second
Batting: RHB Nick Esteves 0-0: Foul Ball, location: 2F
0-1: Foul Ball, location: 2F
0-2: Ball
1-2: Ball
2-2: SINGLE (Groundball, 6D, EV 97.5 MPH)
Rich Chavez to third
Runner from 3rd tries for Home, SAFE, throw by CF to home
Batting: RHB Bill Turnbull 0-0: Ball
1-0: Called Strike
1-1: Foul Ball, location: 2F
1-2: Foul Ball, location: 2F
1-2: Grounds into double play, 5-4-3 (Groundball, 5, EV 108.8 MPH)
Top of the 7th over - 1 run, 2 hits, 0 errors, 0 left on base; Boston 2 - Philadelphia 0
BOTTOM OF THE 7TH
Philadelphia Phillies batting - Pitching for Boston Red Sox : RHP Justin Stinson
Batting: RHB Raul de la Cruz 0-0: Ball
1-0: Foul Ball, location: 2F
1-1: Foul Ball, location: 2F
1-2: Ball
2-2: Ball
3-2: SINGLE (Line Drive, 89S, EV 100.6 MPH)
Batting: LHB Jeff Luvisi 0-0: Ball
1-0: Fly out, F5 (Line Drive, 5, EV 65.6 MPH)
Batting: RHB Chef Belew 0-0: Ball
Raul de la Cruz is caught stealing 2nd base 2-4
1-0: Called Strike
1-1: DOUBLE (Line Drive, 7LM, EV 101.3 MPH)
Batting: SHB Patrick Kimmel 0-0: Ball
1-0: Fly out, F9 (Flyball, 89S, EV 88.1 MPH)
Bottom of the 7th over - 0 runs, 2 hits, 0 errors, 1 left on base; Boston 2 - Philadelphia 0
TOP OF THE 8TH
Boston Red Sox batting - Pitching for Philadelphia Phillies : LHP Marko Emchenko
Pitching: RHP Rico Romero
Batting: RHB Brandon Perris 0-0: Called Strike
0-1: Foul Ball, location: 2F
0-2: Foul Ball, location: 2F
0-2: Ball
1-2: Foul Ball, location: 2F
1-2: Fly out, F8 (Flyball, 8RS, EV 91.9 MPH)
Batting: SHB Robbie Rogers 0-0: Called Strike
0-1: Called Strike
0-2: Fly out, F7 (Flyball, 78M, EV 88.1 MPH)
Batting: RHB Manny Vergara 0-0: Called Strike
0-1: Ball
1-1: Ground out 4-3 (Groundball, 34, EV 89.4 MPH)
Top of the 8th over - 0 runs, 0 hits, 0 errors, 0 left on base; Boston 2 - Philadelphia 0
BOTTOM OF THE 8TH
Philadelphia Phillies batting - Pitching for Boston Red Sox : RHP Justin Stinson
Pitching: RHP Edgar Saldivar
Batting: RHB Luis Arce 0-0: Ball
1-0: Foul Ball, location: 2F
1-1: Ground out 5-3 (Groundball, 25, EV 86.3 MPH)
Batting: RHB Ji-an Li 0-0: Called Strike
0-1: Ball
1-1: Swinging Strike
1-2: Strikes out swinging
Batting: LHB Nick Canizales 0-0: Foul Ball, location: 2F
0-1: Ball
1-1: Foul Ball, location: 2F
1-2: Ground out 3-1 (Groundball, 34S, EV 79.4 MPH)
Bottom of the 8th over - 0 runs, 0 hits, 0 errors, 0 left on base; Boston 2 - Philadelphia 0
TOP OF THE 9TH
Boston Red Sox batting - Pitching for Philadelphia Phillies : RHP Rico Romero
Pitching: LHP Randy Karnes
Batting: SHB Mark Rennie 0-0: Called Strike
0-1: Ball
1-1: Ball
2-1: Ball
3-1: Base on Balls
Batting: RHB Chris Lane 0-0: Called Strike
0-1: Swinging Strike
0-2: Ball
1-2: Foul Ball, location: 2F
1-2: Foul Ball, location: 2F
1-2: Foul Ball, location: 2F
1-2: Strikes out looking
Batting: SHB Rich Chavez 0-0: Called Strike
0-1: Ball
1-1: Ball
2-1: Ball
3-1: Base on Balls
Mark Rennie to second
Batting: LHB Kevin McCormic Jr. 0-0: Grounds into double play, 6-4-3 (Groundball, 6, EV 78.1 MPH)
Top of the 9th over - 0 runs, 0 hits, 0 errors, 1 left on base; Boston 2 - Philadelphia 0
BOTTOM OF THE 9TH
Philadelphia Phillies batting - Pitching for Boston Red Sox : RHP Edgar Saldivar
Pitching: RHP Guadalupe Vasguez
Batting: LHB Eric Katz 0-0: Ball
1-0: Called Strike
1-1: Foul Ball, location: 2F
1-2: Foul Ball, location: 2F
1-2: Foul Ball, location: 2F
1-2: Ball
2-2: Ground out 6-3 (Groundball, 6D, EV 101.3 MPH)
Batting: LHB Alberto Figueroa 0-0: Ball
1-0: Ground out 4-3 (Groundball, 4, EV 86.3 MPH)
Pinch Hitting: LHB Rich Sullivan 0-0: Fly out, F7 (Flyball, 7S, EV 87.5 MPH)
Bottom of the 9th over - 0 runs, 0 hits, 0 errors, 0 left on base; Boston 2 - Philadelphia 0
Thursday, March 31st , 2022 - OOTP Baseball 22.12 Build 89